TOP OF THE 1ST |
Highwood Hawks batting - Pitching for Mt. Vernon Bulls : RHP Jordan Calhoun
|
Pitching: RHP Jordan Calhoun
|
|
Batting: RHB Jamal Grant
|
0-0: Called Strike 0-1: Swinging Strike 0-2: Strikes out swinging
|
Batting: LHB Scott Miles
|
0-0: Ball 1-0: Ball 2-0: Ball 3-0: Called Strike 3-1: Base on Balls
|
Batting: RHB Jon Deal
|
0-0: Swinging Strike 0-1: Ground out 5-3 (Groundball, 56) Scott Miles to second
|
Batting: RHB Ron Lawrence
|
0-0: Ball 1-0: Foul Ball, location: 2F 1-1: Ball Wild Pitch! Scott Miles to third 2-1: Ball 3-1: Called Strike 3-2: Strikes out swinging, 2-3 out at first.
|
Top of the 1st over - 0 runs, 0 hits, 0 errors, 1 left on base; Highwood 0 - Mt. Vernon 0 |
BOTTOM OF THE 1ST |
Mt. Vernon Bulls batting - Pitching for Highwood Hawks : LHP Pat Emery
|
Pitching: LHP Pat Emery
|
|
Batting: RHB Alfonso Torres
|
0-0: Ball 1-0: Ball 2-0: Ball 3-0: Base on Balls
|
Batting: RHB Tong-sik Im
|
0-0: Called Strike 0-1: Ball Alfonso Torres steals 2nd base 1-1: Swinging Strike 1-2: Ball 2-2: SINGLE (Groundball, 6MD) Alfonso Torres to third Runner from 3rd tries for Home, SAFE, no throw
|
Batting: RHB Phil Gillespie
|
0-0: Swinging Strike 0-1: Ball 1-1: Ball Tong-sik Im is caught stealing 2nd base 2-1: Ball 3-1: Called Strike 3-2: Ground out 6-3 (Groundball, 6)
|
Batting: LHB Tomás Muinos
|
0-0: Ball 1-0: Fly out, F8 (Flyball, 89XD)
|
Bottom of the 1st over - 1 run, 1 hit, 0 errors, 0 left on base; Highwood 0 - Mt. Vernon 1 |
TOP OF THE 2ND |
Highwood Hawks batting - Pitching for Mt. Vernon Bulls : RHP Jordan Calhoun
|
Batting: RHB Jurg Dansen
|
0-0: Ball 1-0: Fly out, F4 (Popup, 4)
|
Batting: RHB Jimmy Scott
|
0-0: Ball 1-0: Called Strike 1-1: Swinging Strike 1-2: Strikes out swinging
|
Batting: LHB Cal MacKim
|
0-0: Called Strike 0-1: Ball 1-1: Foul Ball, location: 2F 1-2: Ball 2-2: Strikes out swinging
|
Top of the 2nd over - 0 runs, 0 hits, 0 errors, 0 left on base; Highwood 0 - Mt. Vernon 1 |
BOTTOM OF THE 2ND |
Mt. Vernon Bulls batting - Pitching for Highwood Hawks : LHP Pat Emery
|
Batting: LHB Abraham Koen
|
0-0: Foul Ball, location: 2F 0-1: Ground out 5-3 (Groundball, 56)
|
Batting: RHB Ionut Tintoaca
|
0-0: Ball 1-0: Ball 2-0: Ball 3-0: Called Strike 3-1: Base on Balls
|
Batting: RHB Kamakakoa Kaponianani
|
0-0: Ball 1-0: Ball 2-0: Grounds into double play, 6-4-3 (Groundball, 6)
|
Bottom of the 2nd over - 0 runs, 0 hits, 0 errors, 0 left on base; Highwood 0 - Mt. Vernon 1 |
TOP OF THE 3RD |
Highwood Hawks batting - Pitching for Mt. Vernon Bulls : RHP Jordan Calhoun
|
Batting: RHB David Warren
|
0-0: Called Strike 0-1: Foul Ball, location: 2F 0-2: Foul Ball, location: 2F 0-2: Foul Ball, location: 2F 0-2: SINGLE (Line Drive, 4D)
|
Batting: RHB Walt Mastin
|
0-0: Called Strike 0-1: Ball 1-1: Ball 2-1: Ball 3-1: Foul Ball, location: 2F 3-2: Grounds into double play, 6-4-3 (Groundball, 6)
|
Batting: RHB Jamal Grant
|
0-0: Called Strike 0-1: Swinging Strike 0-2: Foul Ball, location: 2F 0-2: Ball 1-2: Ball 2-2: Foul Ball, location: 2F 2-2: Foul Ball, location: 2F 2-2: Ball 3-2: Base on Balls
|
Batting: LHB Scott Miles
|
0-0: Called Strike 0-1: SINGLE (Groundball, 25) (infield hit) Jamal Grant to second
|
Batting: RHB Jon Deal
|
0-0: Ball 1-0: SINGLE (Popup, 34D) Jamal Grant to third Scott Miles to second Runner from 3rd tries for Home, SAFE, throw made at trailing runner, OUT at third!
|
Top of the 3rd over - 1 run, 3 hits, 0 errors, 1 left on base; Highwood 1 - Mt. Vernon 1 |
BOTTOM OF THE 3RD |
Mt. Vernon Bulls batting - Pitching for Highwood Hawks : LHP Pat Emery
|
Batting: RHB De-wei Mo
|
0-0: Called Strike 0-1: Called Strike 0-2: Fly out, F3 (Popup, 3S)
|
Batting: RHB Hsin-ping Teoh
|
0-0: Ball 1-0: Foul Ball, location: 2F 1-1: Called Strike 1-2: Foul Ball, location: 2F 1-2: Foul Ball, location: 2F 1-2: Foul Ball, location: 2F 1-2: Ball 2-2: Ball 3-2: Fly out, F3 (Popup, 34)
|
Batting: RHB Alfonso Torres
|
0-0: Swinging Strike 0-1: Fly out, F4 (Popup, 4)
|
Bottom of the 3rd over - 0 runs, 0 hits, 0 errors, 0 left on base; Highwood 1 - Mt. Vernon 1 |
TOP OF THE 4TH |
Highwood Hawks batting - Pitching for Mt. Vernon Bulls : RHP Jordan Calhoun
|
Batting: RHB Ron Lawrence
|
0-0: Called Strike 0-1: Fly out, F6 (Popup, P)
|
Batting: RHB Jurg Dansen
|
0-0: Ball 1-0: Fly out, F4 (Line Drive, 4)
|
Batting: RHB Jimmy Scott
|
0-0: Called Strike 0-1: Ball 1-1: SINGLE (Line Drive, 6D)
|
Batting: LHB Cal MacKim
|
0-0: Called Strike 0-1: Swinging Strike 0-2: Ball 1-2: Ball 2-2: Foul Ball, location: 2F 2-2: Ball 3-2: Base on Balls Jimmy Scott to second
|
Batting: RHB David Warren
|
0-0: Called Strike 0-1: Ball 1-1: Ball 2-1: Fly out, F7 (Flyball, 7S)
|
Top of the 4th over - 0 runs, 1 hit, 0 errors, 2 left on base; Highwood 1 - Mt. Vernon 1 |
BOTTOM OF THE 4TH |
Mt. Vernon Bulls batting - Pitching for Highwood Hawks : LHP Pat Emery
|
Batting: RHB Tong-sik Im
|
0-0: Ball 1-0: Swinging Strike 1-1: Ball 2-1: Ball 3-1: Foul Ball, location: 2F 3-2: Ground out 6-3 (Groundball, 56D)
|
Batting: RHB Phil Gillespie
|
0-0: SOLO HOME RUN (Line Drive, 7LD), Distance : 350 ft
|
Batting: LHB Tomás Muinos
|
0-0: Swinging Strike 0-1: Ball 1-1: Swinging Strike 1-2: Ball 2-2: Foul Ball, location: 2F 2-2: Fly out, F6 (Popup, 6S)
|
Batting: LHB Abraham Koen
|
0-0: Ball 1-0: Ball 2-0: Called Strike 2-1: DOUBLE (Line Drive, 9LM)
|
Batting: RHB Ionut Tintoaca
|
0-0: Ball 1-0: SINGLE (Line Drive, 89S) Abraham Koen to third Runner from 3rd tries for Home, SAFE, no throw
|
Batting: RHB Kamakakoa Kaponianani
|
0-0: Ball 1-0: Called Strike 1-1: Called Strike 1-2: Foul Ball, location: 2F 1-2: Ball 2-2: Strikes out swinging
|
Bottom of the 4th over - 2 runs, 3 hits, 0 errors, 1 left on base; Highwood 1 - Mt. Vernon 3 |
TOP OF THE 5TH |
Highwood Hawks batting - Pitching for Mt. Vernon Bulls : RHP Jordan Calhoun
|
Batting: RHB Walt Mastin
|
0-0: Called Strike 0-1: Ground out 5-3 (Groundball, 25)
|
Batting: RHB Jamal Grant
|
0-0: Ball 1-0: Ball 2-0: Ground out 3-1 (Groundball, 34)
|
Batting: LHB Scott Miles
|
0-0: Ball 1-0: Called Strike 1-1: Swinging Strike 1-2: Foul Ball, location: 2F 1-2: Ball 2-2: Ball 3-2: Foul Ball, location: 2F 3-2: Foul Ball, location: 2F 3-2: Foul Ball, location: 2F 3-2: Base on Balls
|
Batting: RHB Jon Deal
|
0-0: Called Strike 0-1: Swinging Strike 0-2: Foul Ball, location: 2F 0-2: Strikes out swinging
|
Top of the 5th over - 0 runs, 0 hits, 0 errors, 1 left on base; Highwood 1 - Mt. Vernon 3 |
BOTTOM OF THE 5TH |
Mt. Vernon Bulls batting - Pitching for Highwood Hawks : LHP Pat Emery
|
Batting: RHB De-wei Mo
|
0-0: Ball 1-0: Fly out, F8 (Flyball, 8LD)
|
Batting: RHB Hsin-ping Teoh
|
0-0: Called Strike 0-1: Ball 1-1: Called Strike 1-2: Strikes out swinging passed ball, reaches first!
|
Batting: RHB Alfonso Torres
|
0-0: Ball 1-0: Ball Hsin-ping Teoh steals 2nd base 2-0: Foul Ball, location: 2F 2-1: Foul Ball, location: 2F 2-2: Ball 3-2: SINGLE (Groundball, 56S) (infield hit) Hsin-ping Teoh to third
|
Batting: RHB Tong-sik Im
|
0-0: Fly out, F5 (Popup, 5S)
|
Batting: RHB Phil Gillespie
|
0-0: Foul Ball, location: 2F 0-1: Ball 1-1: Fly out, F9 (Flyball, 9)
|
Bottom of the 5th over - 0 runs, 1 hit, 0 errors, 2 left on base; Highwood 1 - Mt. Vernon 3 |
TOP OF THE 6TH |
Highwood Hawks batting - Pitching for Mt. Vernon Bulls : RHP Jordan Calhoun
|
Batting: RHB Ron Lawrence
|
0-0: Foul Ball, location: 2F 0-1: Ball 1-1: Fly out, F4 (Popup, 4)
|
Batting: RHB Jurg Dansen
|
0-0: Called Strike 0-1: Called Strike 0-2: Fly out, F4 (Line Drive, 4M)
|
Batting: RHB Jimmy Scott
|
0-0: SINGLE (Line Drive, 34)
|
Batting: LHB Cal MacKim
|
0-0: Ground out U3 (Groundball, 34)
|
Top of the 6th over - 0 runs, 1 hit, 0 errors, 1 left on base; Highwood 1 - Mt. Vernon 3 |
BOTTOM OF THE 6TH |
Mt. Vernon Bulls batting - Pitching for Highwood Hawks : LHP Pat Emery
|
Batting: LHB Tomás Muinos
|
0-0: Ball 1-0: Swinging Strike 1-1: Ball 2-1: Foul Ball, location: 2F 2-2: Foul Ball, location: 2F 2-2: Fly out, F4 (Popup, 4S)
|
Batting: LHB Abraham Koen
|
0-0: Foul Ball, location: 2F 0-1: Ball 1-1: Ball 2-1: Swinging Strike 2-2: Ball 3-2: Ground out U3 (Groundball, 3)
|
Batting: RHB Ionut Tintoaca
|
0-0: Called Strike 0-1: DOUBLE (Line Drive, 9LM)
|
Batting: RHB Kamakakoa Kaponianani
|
0-0: Called Strike 0-1: Called Strike 0-2: Fly out, F6 (Line Drive, 6M)
|
Bottom of the 6th over - 0 runs, 1 hit, 0 errors, 1 left on base; Highwood 1 - Mt. Vernon 3 |
TOP OF THE 7TH |
Highwood Hawks batting - Pitching for Mt. Vernon Bulls : RHP Jordan Calhoun
|
Batting: RHB David Warren
|
0-0: Swinging Strike 0-1: Called Strike 0-2: Strikes out swinging
|
Batting: RHB Walt Mastin
|
0-0: Ball 1-0: Ground out 6-3 (Groundball, 6M)
|
Batting: RHB Jamal Grant
|
0-0: Ball 1-0: Called Strike 1-1: Fly out, F4 (Popup, 4D)
|
Top of the 7th over - 0 runs, 0 hits, 0 errors, 0 left on base; Highwood 1 - Mt. Vernon 3 |
BOTTOM OF THE 7TH |
Mt. Vernon Bulls batting - Pitching for Highwood Hawks : LHP Pat Emery
|
Batting: RHB De-wei Mo
|
0-0: Ball 1-0: Ground out 6-3 (Groundball, 6)
|
Batting: RHB Hsin-ping Teoh
|
0-0: Called Strike 0-1: Foul Ball, location: 2F 0-2: Strikes out swinging
|
Batting: RHB Alfonso Torres
|
0-0: Fly out, F8 (Flyball, 78M)
|
Bottom of the 7th over - 0 runs, 0 hits, 0 errors, 0 left on base; Highwood 1 - Mt. Vernon 3 |
TOP OF THE 8TH |
Highwood Hawks batting - Pitching for Mt. Vernon Bulls : RHP Jordan Calhoun
|
Batting: LHB Scott Miles
|
0-0: Swinging Strike 0-1: Foul Ball, location: 2F 0-2: Ball 1-2: Ball 2-2: Foul Ball, location: 2F 2-2: Ball 3-2: Strikes out looking
|
Pitching: RHP Rafael Santiago
|
|
Batting: RHB Jon Deal
|
0-0: Called Strike 0-1: Called Strike 0-2: Ball 1-2: Strikes out looking
|
Batting: RHB Ron Lawrence
|
0-0: Foul Ball, location: 2F 0-1: Foul Ball, location: 2F 0-2: Strikes out looking
|
Top of the 8th over - 0 runs, 0 hits, 0 errors, 0 left on base; Highwood 1 - Mt. Vernon 3 |
BOTTOM OF THE 8TH |
Mt. Vernon Bulls batting - Pitching for Highwood Hawks : LHP Pat Emery
|
Batting: RHB Tong-sik Im
|
0-0: Ball 1-0: Ball 2-0: Ball 3-0: Base on Balls
|
Pitching: RHP Pancho Medellín
|
|
Batting: RHB Phil Gillespie
|
0-0: Called Strike Tong-sik Im steals 2nd base 0-1: Foul Ball, location: 2F 0-2: Ball 1-2: Strikes out swinging
|
Batting: LHB Tomás Muinos
|
0-0: Intentional Walk
|
Batting: LHB Abraham Koen
|
0-0: SINGLE (Line Drive, 9S) Tong-sik Im to third Tomás Muinos to second Runner from 3rd tries for Home, SAFE, no throw
|
Batting: RHB Ionut Tintoaca
|
0-0: Foul Ball, location: 2F 0-1: Foul Ball, location: 2F 0-2: Ball 1-2: Foul Ball, location: 2F 1-2: Ball 2-2: DOUBLE (Line Drive, 78D) Tomás Muinos scores Abraham Koen to third
|
Batting: RHB Kamakakoa Kaponianani
|
0-0: Called Strike 0-1: Foul Ball, location: 2F 0-2: Ball 1-2: Fly out, F8 (Flyball, 8LD) Runner from 3rd tags up, SCORES, throw made
|
Batting: RHB De-wei Mo
|
0-0: Ball 1-0: Ball 2-0: Swinging Strike 2-1: Called Strike 2-2: Strikes out swinging
|
Bottom of the 8th over - 3 runs, 2 hits, 0 errors, 1 left on base; Highwood 1 - Mt. Vernon 6 |
TOP OF THE 9TH |
Highwood Hawks batting - Pitching for Mt. Vernon Bulls : RHP Rafael Santiago
|
Now at C: Zak Martin
|
|
Now at 1B: Enrique Martínez
|
|
Batting: RHB Jurg Dansen
|
0-0: Called Strike 0-1: Ball 1-1: Ground out 6-3 (Groundball, 6)
|
Batting: RHB Jimmy Scott
|
0-0: Called Strike 0-1: Foul Ball, location: 2F 0-2: Ball 1-2: Ball 2-2: Fly out, F9 (Flyball, 9LS)
|
Batting: LHB Cal MacKim
|
0-0: Foul Ball, location: 2F 0-1: Ball 1-1: Ground out 4-3 (Groundball, 4)
|
Top of the 9th over - 0 runs, 0 hits, 0 errors, 0 left on base; Highwood 1 - Mt. Vernon 6 |
|